 Dungeon Crawl Stone Soup version 0.30-a0-643-g638baaf3f0 (webtiles) character file.

Game seed: 9903677894164163865

35 Absynth the Sneak (level 3, 0/19 HPs)
             Began as a Kobold Enchanter on Jan 16, 2023.
             Succumbed to an adder's poison
             ... on level 2 of the Dungeon.
             The game lasted 00:01:58 (1302 turns).

Absynth the Sneak (Kobold Enchanter)                Turns: 1302, Time: 00:01:58

Health: 0/19       AC:  2    Str:  5    XL:     3   Next: 55%
Magic:  7/7        EV: 15    Int: 18    God:
Gold:   48         SH:  0    Dex: 15    Spells: 7/7 levels left

rFire   . . .      SeeInvis .    a - +1 dagger
rCold   . . .      Faith    .    (no shield)
rNeg    . . .      Spirit   .    b - +0 robe
rPois   .          Reflect  .    (no helmet)
rElec   .          Harm     .    (no cloak)
rCorr   .          Rampage  .    (no gloves)
Will    .....                    (no boots)
Stlth   ++++                     (no amulet)
HPRegen 0.23/turn                (no ring)
MPRegen 0.10/turn                (no ring)

@: lethally poisoned (0 -> 0)
A: small, no large weapons, nightstalker 3
a: no special abilities


You were on level 2 of the Dungeon.
You visited 1 branch of the dungeon, and saw 2 of its levels.

You collected 48 gold pieces.

Inventory:

Hand Weapons
 a - a +1 dagger (weapon)
Missiles
 k - 5 poisoned darts (quivered)
Armour
 b - a +0 robe (worn)
Jewellery
 d - a ring of fire
Scrolls
 f - a scroll of magic mapping {unknown}
 h - a scroll of amnesia {unknown}
 i - a scroll of noise {unknown}
 l - a scroll of enchant armour {unknown}
Potions
 c - 2 potions of invisibility
 e - a potion of flight {unknown}
 g - a potion of degeneration {unknown}
 j - a potion of mutation {unknown}


   Skills:
 + Level 2.0 Short Blades
 + Level 2.8 Dodging
 + Level 4.2 Stealth
 * Level 2.8 Spellcasting
 * Level 3.4 Hexes


You had 7 spell levels left.
You didn't know any spells.
Your spell library contained the following spells:

 Spells                   Type           Power      Damage    Failure   Level
 Confusing Touch          Hex            14%        N/A       12%         3
 Tukima's Dance           Hex            14%        N/A       12%         3
 Ensorcelled Hibernation  Hex/Ice        16%        N/A       13%         2
 Dazzling Flash           Conj/Hex       16%        N/A       26%         3


Dungeon Overview and Level Annotations

Branches:
Dungeon (2/15)

Altars:

Shops:
D:1 *


Innate Abilities, Weirdness & Mutations

You are small and have problems with some larger weapons.
You are completely attuned to the shadows.


Message History

You barely miss the adder.
The adder is lightly wounded.
You feel sick. The adder bites you.
You hit the adder.
The adder is heavily wounded.
You feel sick. The adder bites you but does no damage.
You closely miss the adder.
The adder is heavily wounded.
The adder bites you.
You barely miss the adder.
The adder is heavily wounded.
You feel sick. The adder barely misses you.
You hit the adder but do no damage.
The adder is heavily wounded.
You feel sick.
You are no longer poisoned.
The adder barely misses you. The adder bites you.
* * * LOW HITPOINT WARNING * * *
You are lethally poisoned!
The adder poisons you!
You hit the adder.
The adder is almost dead.
* * * LOW HITPOINT WARNING * * *
You feel sick. The adder barely misses you.
You miss the adder.
The adder is almost dead.
The adder closely misses you.
You closely miss the adder.
The adder is severely wounded.
* * * LOW HITPOINT WARNING * * *
You feel sick. The adder barely misses you.
You hit the adder.
You kill the adder!
* * * LOW HITPOINT WARNING * * *
You feel sick.
Your Short Blades skill increases to level 2!
* * * LOW HITPOINT WARNING * * *
You feel sick.
You see here an adder corpse.
You die...

....#####
##.##
##.# #..#
...###
##. ##
.#....
... ...
...###
#.###.#
#.##
#..>..#
..# #@†#
..# #.##
..# #.#
..#####
#.#
.......
#.#
.######
#.# .#
#.#
.#######
#.#
.......#
#.#


There were no monsters in sight!

Vanquished Creatures
  An adder (D:2)
  2 dart slugs
  4 endoplasms
  A giant cockroach (D:2)
  2 goblins
  A kobold (D:2)
  6 ball pythons
  A frilled lizard (D:1)
  4 rats (D:1)
22 creatures vanquished.

Notes
Turn   | Place    | Note
-------+----------+-------------------------------------------
     0 | D:1      | Absynth the Kobold Enchanter began the quest for the Orb.
     0 | D:1      | Reached XP level 1. HP: 10/10 MP: 3/3
   536 | D:1      | Found Nofom's General Store.
   558 | D:1      | Reached XP level 2. HP: 15/15 MP: 5/5
  1149 | D:2      | Reached XP level 3. HP: 19/19 MP: 6/6
  1302 | D:2      | Succumbed to an adder's poison

Illustrated notes

Levels and vault maps discovered:
D:1:      amcnicky_arrival_single_pillar, layout_basic, serial_shops,
          nicolae_shop_hallway_stairs, minmay_misc_feat_hallway
D:2:      layout_loops_ring, grunt_decor_fettered

Skill      XL: |  1  2  3 |
---------------+----------+-----
Short Blades   | 2 |  2.0
Dodging        | |  2.8
Stealth        | |  4.2
Spellcasting   | |  2.8
Hexes          | |  3.4

Action                   || total
-------------------------++-------
Melee: Dagger            ||    57
 Stab: Sleeping          ||    13
Armor: Robe              ||     5
Dodge: Dodged            ||    27

Table legend: (Time is in decaauts)
 A = Elapsed time spent in this place.
 B = Non-inter-level travel time spent in this place.
 C = Inter-level travel time spent in this place.
 D = Time resting spent in this place.
 E = Time spent auto-exploring this place.
 F = Levels seen in this place.
 G = Mean time per level.
                   A        B        C        D        E       F      G
               +--------+--------+--------+--------+--------+-----+--------+
         Total |   1297 |   1266 |     31 |     36 |   1056 |   2 |  648.5 |
       Dungeon |   1297 |   1266 |     31 |     36 |   1056 |   2 |  648.5 |
               +--------+--------+--------+--------+--------+-----+--------+

Top non-repeatable levels by time:
     D:1: 1073 daAuts
     D:2: 224 daAuts
